[Event "Titled Tuesday Blitz September 21 2021"]
[White "Leitao, Rafael"]
[Black "Herrera Reyes, Jose Antonio"]
[WhiteFideId "2101246"]
[BlackFideId "2274914"]
[WhiteElo "2609"]
[BlackElo "2361"]
[Result "0-1"]
[Round "07"]
[TimeControl "180+1"]
[Date "2021.09.21"]
[WhiteClock "0:00:14"]
[BlackClock "0:00:28"]

1. c4 Nf6 2. Nc3 g6 3. g3 d6 4. Bg2 Bg7 5. d4 h5 6. Nf3 Nc6 7. Bf4 h4 8. d5 h3 9. Bf1 Nb8 10. e4 Nbd7 11. Be2 Nc5 12. Qc2 a5 13. O-O a4 14. Rad1 O-O 15. Ng5 e5 16. dxe6 Nxe6 17. Nxe6 Bxe6 18. e5 Ne8 19. Nb5 g5 20. Be3 Bxe5 21. f4 gxf4 22. Bxf4 Bg7 0-1


[Site "https://www.chess.com"]

[Event "Titled Tuesday Blitz September 21 2021"]
[White "Lossi C., Cyrano Jose"]
[Black "Petesch, Gabriel"]
[WhiteFideId "7301600"]
[BlackFideId "2032465"]
[WhiteElo "1811"]
[BlackElo "2374"]
[Result "1-0"]
[Round "07"]
[TimeControl "180+1"]
[Date "2021.09.21"]
[WhiteClock "0:01:44"]
[BlackClock "0:01:04"]

1. e4 e5 2. Nf3 Nc6 3. Bc4 Nf6 4. d3 Be7 5. O-O O-O 6. Re1 d6 7. h3 Na5 8. Bb3 Nxb3 9. axb3 Be6 10. Be3 b6 11. Nc3 a5 12. d4 exd4 13. Nxd4 Bd7 14. Nd5 Nxd5 15. exd5 Re8 16. Bf4 Bf6 17. Qd2 g6 18. Rxe8+ Qxe8 19. Re1 1-0


[Site "https://www.chess.com"]

[Event "Titled Tuesday Blitz September 21 2021"]
[White "Machidon, Cristi"]
[Black "Warmerdam, Max"]
[WhiteFideId "13904590"]
[BlackFideId "1048104"]
[WhiteElo "2312"]
[BlackElo "2537"]
[Result "0-1"]
[Round "07"]
[TimeControl "180+1"]
[Date "2021.09.21"]
[WhiteClock "0:01:13"]
[BlackClock "0:02:04"]

1. d4 d5 2. Nf3 e6 3. Bf4 c5 4. e3 Nf6 5. c3 Bd6 6. Nbd2 cxd4 7. cxd4 Bxf4 8. exf4 O-O 9. Bd3 Qb6 10. O-O Nc6 11. Nb3 a5 12. Ne5 a4 13. Nc5 Qxb2 14. Nxc6 bxc6 15. Nxa4 Qa3 16. Nc5 Nd7 17. Rc1 Qxa2 0-1


[Site "https://www.chess.com"]

[Event "Titled Tuesday Blitz September 21 2021"]
[White "Macovei, Andrei"]
[Black "Holt, Conrad"]
[WhiteFideId "13904680"]
[BlackFideId "2034387"]
[WhiteElo "2389"]
[BlackElo "2586"]
[Result "0-1"]
[Round "07"]
[TimeControl "180+1"]
[Date "2021.09.21"]
[WhiteClock "0:01:20"]
[BlackClock "0:02:19"]

1. e4 e6 2. d4 d5 3. Nc3 Nf6 4. e5 Nfd7 5. f4 c5 6. Nf3 Nc6 7. Be3 cxd4 8. Nxd4 Bc5 9. Qd2 O-O 10. O-O-O a6 11. Qf2 Bxd4 12. Bxd4 b5 13. Be3 Qa5 14. Kb1 b4 15. Ne2 Qc7 16. Nd4 Nxd4 17. Bxd4 a5 18. h4 Ba6 19. h5 a4 20. b3 Rfc8 21. h6 g6 22. Bxa6 Rxa6 23. Rh3 Rc6 24. Rd2 axb3 25. axb3 Nc5 26. Bxc5 Rxc5 27. Qd4 Qa5 28. f5 Ra8 0-1


[Site "https://www.chess.com"]

[Event "Titled Tuesday Blitz September 21 2021"]
[White "Madaminov, Mukhiddin"]
[Black "Savchenko, Boris"]
[WhiteFideId "14210703"]
[BlackFideId "4147332"]
[WhiteElo "1855"]
[BlackElo "2543"]
[Result "0-1"]
[Round "07"]
[TimeControl "180+1"]
[Date "2021.09.21"]
[WhiteClock "0:00:21"]
[BlackClock "0:00:44"]

1. e4 c5 2. Nc3 Nc6 3. Nf3 g6 4. d4 cxd4 5. Nxd4 Bg7 6. Be3 Nf6 7. Nxc6 bxc6 8. e5 Ng8 9. Bd4 Qa5 10. e6 Nf6 11. exf7+ Kxf7 12. Bc4+ d5 13. Bb3 e5 14. Bxe5 Re8 15. f4 Ng4 16. O-O Qc5+ 17. Kh1 Ne3 18. Ne4 Qb4 19. Nd6+ Qxd6 20. Bxd6 Nxd1 21. Raxd1 Ba6 22. Rfe1 Bxb2 23. Bb4 Be2 24. Rxd5 cxd5 25. Bxd5+ Kf6 26. Bxa8 a5 0-1


[Site "https://www.chess.com"]

[Event "Titled Tuesday Blitz September 21 2021"]
[White "Maly, Alexey"]
[Black "Gontcharov, Vladislav"]
[WhiteFideId "14103184"]
[BlackFideId "4123492"]
[WhiteElo "2250"]
[BlackElo "2503"]
[Result "1/2-1/2"]
[Round "07"]
[TimeControl "180+1"]
[Date "2021.09.21"]
[WhiteClock "0:01:35"]
[BlackClock "0:00:30"]

1. d4 Nf6 2. c4 e6 3. Nf3 c5 4. d5 exd5 5. cxd5 d6 6. Nc3 g6 7. Nd2 Nbd7 8. g3 Bg7 9. Bg2 O-O 10. O-O Re8 11. h3 a6 12. a4 b6 13. Nc4 Ne5 14. Na3 Nh5 15. Kh2 Bd7 16. f4 b5 17. axb5 axb5 18. Ne4 Nc4 19. Nxc4 Rxa1 20. Ncxd6 Rf8 21. Nxc5 Bxh3 22. Nxf7 Rxf7 1/2-1/2


[Site "https://www.chess.com"]

[Event "Titled Tuesday Blitz September 21 2021"]
[White "Manafov, Vugar"]
[Black "Sarana, Alexey"]
[WhiteFideId "13410814"]
[BlackFideId "24133795"]
[WhiteElo "2274"]
[BlackElo "2671"]
[Result "0-1"]
[Round "07"]
[TimeControl "180+1"]
[Date "2021.09.21"]
[WhiteClock "0:02:08"]
[BlackClock "0:01:23"]

1. Nf3 c5 2. g3 Nc6 3. Bg2 g6 4. O-O Bg7 5. d3 e6 6. Nc3 Nge7 7. e4 O-O 8. Nd2 d5 9. f4 f5 10. exd5 exd5 11. Nf3 d4 12. Nb5 Nd5 13. Re1 a6 14. Na3 b5 15. Ng5 Qd6 16. Qf3 Ndb4 0-1


[Site "https://www.chess.com"]

[Event "Titled Tuesday Blitz September 21 2021"]
[White "Manukyan, Sargis A."]
[Black "Novikova, Galina"]
[WhiteFideId "13303970"]
[BlackFideId "4157095"]
[WhiteElo "2187"]
[BlackElo "1844"]
[Result "1-0"]
[Round "07"]
[TimeControl "180+1"]
[Date "2021.09.21"]
[WhiteClock "0:00:43"]
[BlackClock "0:02:00"]

1. d4 d5 2. c4 e5 3. dxe5 d4 4. Nf3 Nc6 5. a3 a5 6. Nbd2 Bc5 7. Ne4 Ba7 8. e3 dxe3 9. Qxd8+ Nxd8 10. Bxe3 Bxe3 11. fxe3 Ne7 12. Bd3 Ndc6 13. c5 Ng6 14. Bb5 Bd7 15. e6 Bxe6 16. Bxc6+ bxc6 17. O-O-O O-O 18. Rd4 h6 19. h4 Ne7 20. Ne5 Bd5 21. Rf1 1-0


[Site "https://www.chess.com"]

[Event "Titled Tuesday Blitz September 21 2021"]
[White "Manukyan, Sargis A."]
[Black "Pg, Mohd Omar Ak Hira"]
[WhiteFideId "13303970"]
[BlackFideId "10500103"]
[WhiteElo "2187"]
[BlackElo "2184"]
[Result "1/2-1/2"]
[Round "07"]
[TimeControl "180+1"]
[Date "2021.09.21"]
[WhiteClock "0:02:33"]
[BlackClock "0:00:34"]

1. d4 Nf6 2. e3 g6 3. Nf3 Bg7 4. Be2 O-O 5. O-O d5 6. b3 c5 7. Bb2 Ne4 8. Nbd2 Nc6 9. Nxe4 dxe4 10. Ne5 cxd4 11. Nxc6 bxc6 12. Bxd4 Bxd4 13. Qxd4 Qxd4 14. exd4 e5 15. dxe5 Re8 16. Rfd1 Rxe5 17. Rd8+ Kg7 18. Rad1 Bb7 19. Rxa8 Bxa8 20. Rd8 Bb7 21. Rd7 Bc8 22. Rxa7 Rc5 23. Bc4 Rf5 24. Rc7 Ra5 25. Rxc8 Rxa2 1/2-1/2


[Site "https://www.chess.com"]

[Event "Titled Tuesday Blitz September 21 2021"]
[White "Martinez Alcantara, Jose Eduardo"]
[Black "Moksh Amit Doshi"]
[WhiteFideId "3805662"]
[BlackFideId "25064967"]
[WhiteElo "2690"]
[BlackElo "2245"]
[Result "1-0"]
[Round "07"]
[TimeControl "180+1"]
[Date "2021.09.21"]
[WhiteClock "0:01:06"]
[BlackClock "0:01:21"]

1. e4 e5 2. Nf3 Nc6 3. Bb5 a6 4. Bxc6 dxc6 5. d3 Bd6 6. Nbd2 Be6 7. Qe2 f6 8. O-O Ne7 9. Nc4 O-O 10. h3 c5 11. Nh4 Nc6 12. c3 b5 13. Ne3 g6 14. Nd5 f5 15. Nf3 f4 16. Rd1 Qe8 17. b3 h6 18. Bb2 g5 19. Nh2 h5 20. f3 c4 21. dxc4 Bc5+ 22. Kh1 1-0


[Site "https://www.chess.com"]

[Event "Titled Tuesday Blitz September 21 2021"]
[White "Martinovici, Ilia"]
[Black "Kovalev, Vladislav"]
[WhiteFideId "13907034"]
[BlackFideId "13504398"]
[WhiteElo "2303"]
[BlackElo "2573"]
[Result "0-1"]
[Round "07"]
[TimeControl "180+1"]
[Date "2021.09.21"]
[WhiteClock "0:01:53"]
[BlackClock "0:01:48"]

1. d4 Nf6 2. c4 g6 3. Nc3 Bg7 4. e4 d6 5. f3 O-O 6. Bg5 c5 7. d5 b5 8. Nxb5 Qb6 9. Qd2 h6 10. Be3 e6 11. Nc3 exd5 12. cxd5 Nbd7 13. Nh3 Ne5 14. Nf2 Nh5 15. Be2 f5 16. exf5 gxf5 17. f4 Ng4 18. Nxg4 fxg4 19. O-O Bf5 20. Rae1 Rae8 21. Nd1 Qb4 0-1


[Site "https://www.chess.com"]

[Event "Titled Tuesday Blitz September 21 2021"]
[White "Meduri, Aakaash"]
[Black "Demin, Vladimir"]
[WhiteFideId "2032252"]
[BlackFideId "4167457"]
[WhiteElo "2047"]
[BlackElo "2507"]
[Result "1-0"]
[Round "07"]
[TimeControl "180+1"]
[Date "2021.09.21"]
[WhiteClock "0:01:17"]
[BlackClock "0:01:40"]

1. d4 Nf6 2. Bg5 d5 3. e3 Nbd7 4. Bd3 e6 5. Nd2 b6 6. Ngf3 Bb7 7. O-O Be7 8. c3 O-O 9. Qa4 h6 10. Bh4 c5 11. Rae1 a6 12. Bb1 b5 13. Qc2 Rc8 14. Ne5 Re8 15. f4 Ne4 16. Nxe4 dxe4 17. Bxe7 Qxe7 18. Nxd7 Qxd7 19. g4 f5 20. Qg2 Qf7 21. g5 Qg6 22. gxh6 1-0


[Site "https://www.chess.com"]

[Event "Titled Tuesday Blitz September 21 2021"]
[White "Mezentsev, Ivan"]
[Black "Leve, Nitai"]
[WhiteFideId "13706195"]
[BlackFideId "2006898"]
[WhiteElo "2295"]
[BlackElo "2144"]
[Result "0-1"]
[Round "07"]
[TimeControl "180+1"]
[Date "2021.09.21"]
[WhiteClock "0:00:30"]
[BlackClock "0:00:08"]

1. e4 c6 2. d4 d5 3. exd5 cxd5 4. Bd3 Nf6 5. h3 Nc6 6. c3 e5 7. dxe5 Nxe5 8. Nf3 Bd6 9. O-O Nxd3 10. Qxd3 h6 11. Re1+ Be6 12. Qb5+ Qd7 13. Qxd7+ Kxd7 14. Nbd2 Bf5 15. Nb3 Rhe8 16. Be3 b6 17. Nbd4 Bh7 18. Rad1 g5 19. Ne2 Kc6 20. Nfd4+ Kb7 21. Nb5 Be5 22. Bd4 g4 23. Nc1 Bf4 24. Bxf6 gxh3 0-1


[Site "https://www.chess.com"]

[Event "Titled Tuesday Blitz September 21 2021"]
[White "Mirzoev, Azer"]
[Black "Tarigan, Gilbert Elroy"]
[WhiteFideId "13400304"]
[BlackFideId "7108133"]
[WhiteElo "2525"]
[BlackElo "1908"]
[Result "1/2-1/2"]
[Round "07"]
[TimeControl "180+1"]
[Date "2021.09.21"]
[WhiteClock "0:02:10"]
[BlackClock "0:01:35"]

1. c4 Nf6 2. Nc3 e6 3. e4 d6 4. d4 Nc6 5. f4 g6 6. Nf3 Bg7 7. Be2 O-O 8. O-O b6 9. Kh1 Bb7 10. d5 exd5 11. cxd5 Nb4 12. a3 Na6 13. Bd3 Nc5 14. Bc2 a5 15. Rb1 Re8 16. Re1 Ng4 17. Re2 Bxc3 18. bxc3 Nxe4 19. Bxe4 Rxe4 20. h3 Nf6 1/2-1/2


[Site "https://www.chess.com"]

[Event "Titled Tuesday Blitz September 21 2021"]
[White "Molina, Roberto Junio Brito"]
[Black "Markidis, Konstantinos"]
[WhiteFideId "2109450"]
[BlackFideId "4203500"]
[WhiteElo "2402"]
[BlackElo "2304"]
[Result "0-1"]
[Round "07"]
[TimeControl "180+1"]
[Date "2021.09.21"]
[WhiteClock "0:01:42"]
[BlackClock "0:01:06"]

1. e4 e6 2. d4 d5 3. Nd2 Be7 4. Ngf3 Nf6 5. e5 Nfd7 6. c3 c5 7. Bd3 b6 8. Qe2 a5 9. O-O Ba6 10. c4 Nc6 11. cxd5 Bxd3 12. Qxd3 Nb4 13. Qe2 Nxd5 14. dxc5 Nxc5 15. Nc4 O-O 16. Rd1 Qc7 17. Be3 Nxe3 18. Qxe3 Rfd8 19. b3 Rxd1+ 20. Rxd1 Rd8 21. Rd4 f6 22. exf6 Bxf6 23. Rxd8+ Qxd8 24. g3 Qc7 25. h4 h6 0-1


[Site "https://www.chess.com"]

[Event "Titled Tuesday Blitz September 21 2021"]
[White "Moskalenko, Alexander"]
[Black "Baskin, Robert"]
[WhiteFideId "4155351"]
[BlackFideId "24662402"]
[WhiteElo "2515"]
[BlackElo "2521"]
[Result "1-0"]
[Round "07"]
[TimeControl "180+1"]
[Date "2021.09.21"]
[WhiteClock "0:02:15"]
[BlackClock "0:01:11"]

1. b3 Nf6 2. Bb2 g6 3. Nf3 Bg7 4. g3 d5 5. c4 O-O 6. Bg2 Nc6 7. cxd5 Nxd5 8. Bxg7 Kxg7 9. Nc3 Nb6 10. d4 Bg4 11. d5 Bxf3 12. Bxf3 Ne5 13. Qd4 Qd6 14. Bg2 c5 15. Qd2 c4 16. O-O e6 17. Ne4 Qxd5 18. Qb2 1-0


[Site "https://www.chess.com"]

[Event "Titled Tuesday Blitz September 21 2021"]
[White "Nakamura, Hikaru"]
[Black "Deac, Bogdan-Daniel"]
[WhiteFideId "2016192"]
[BlackFideId "1226380"]
[WhiteElo "3207"]
[BlackElo "2966"]
[Result "0-1"]
[Round "07"]
[TimeControl "180+1"]
[Date "2021.09.21"]
[WhiteClock "0:01:30"]
[BlackClock "0:00:24"]

1. Nf3 d5 2. e3 g6 3. c4 Nf6 4. cxd5 Nxd5 5. d4 Bg7 6. e4 Nb6 7. Bb5+ c6 8. Be2 c5 9. Bb5+ Bd7 10. dxc5 Bxb5 11. Qxd8+ Kxd8 12. cxb6 axb6 13. Nc3 Bc4 14. Be3 Bxc3+ 15. bxc3 Nd7 16. a4 Kc7 17. Bf4+ Kc8 18. Nd2 Bb5 0-1


[Site "https://www.chess.com"]

[Event "Titled Tuesday Blitz September 21 2021"]
[White "Ozen, Bahadir"]
[Black "Odegov, Artem"]
[WhiteFideId "6337058"]
[BlackFideId "34183644"]
[WhiteElo "2503"]
[BlackElo "2257"]
[Result "0-1"]
[Round "07"]
[TimeControl "180+1"]
[Date "2021.09.21"]
[WhiteClock "0:02:02"]
[BlackClock "0:01:09"]

1. d4 Nf6 2. Nf3 c5 3. d5 g6 4. Nc3 Bg7 5. e4 d6 6. Bb5+ Bd7 7. a4 O-O 8. O-O e5 9. dxe6 Bxe6 10. Bf4 d5 11. exd5 Nxd5 12. Nxd5 Qxd5 13. Qxd5 Bxd5 14. c3 a6 15. Be2 Nc6 16. Nd2 Rad8 17. Be3 Rfe8 18. Rfe1 Bf8 19. Nc4 Bxc4 0-1


[Site "https://www.chess.com"]

[Event "Titled Tuesday Blitz September 21 2021"]
[White "Pasti, Aron"]
[Black "Alikhanov, Felix"]
[WhiteFideId "785857"]
[BlackFideId "4157427"]
[WhiteElo "2080"]
[BlackElo "2425"]
[Result "0-1"]
[Round "07"]
[TimeControl "180+1"]
[Date "2021.09.21"]
[WhiteClock "0:01:01"]
[BlackClock "0:02:21"]

1. e4 e6 2. d4 d5 3. Nc3 Bb4 4. e5 c5 5. Bd2 Nc6 6. Nb5 Bxd2+ 7. Qxd2 Nxd4 8. Nxd4 cxd4 9. Qxd4 Ne7 10. Bd3 Nc6 11. Qf4 O-O 12. Nf3 f6 13. Qh4 h6 14. Qg3 fxe5 15. Nxe5 Nxe5 16. Qxe5 Qf6 17. Qxf6 gxf6 0-1


[Site "https://www.chess.com"]

[Event "Titled Tuesday Blitz September 21 2021"]
[White "Petriashvili, Nikoloz"]
[Black "Levitskiy, Andrey"]
[WhiteFideId "13611216"]
[BlackFideId "14132885"]
[WhiteElo "2430"]
[BlackElo "2340"]
[Result "0-1"]
[Round "07"]
[TimeControl "180+1"]
[Date "2021.09.21"]
[WhiteClock "0:02:05"]
[BlackClock "0:01:29"]

1. e4 e6 2. d4 d5 3. Nd2 c5 4. Ngf3 cxd4 5. Nxd4 Nc6 6. Nxc6 bxc6 7. Bd3 Nf6 8. O-O Bd6 9. b3 Be5 10. Rb1 O-O 11. f4 Bd4+ 12. Kh1 e5 13. exd5 Ng4 14. Nf3 Nf2+ 15. Rxf2 Bxf2 16. Qe2 Bc5 17. Nxe5 cxd5 18. Be3 d4 19. Bd2 Bb7 0-1


[Site "https://www.chess.com"]

[Event "Titled Tuesday Blitz September 21 2021"]
[White "Petrovskyi, Vadym"]
[Black "Kubicka, Anna"]
[WhiteFideId "14165210"]
[BlackFideId "1152254"]
[WhiteElo "2334"]
[BlackElo "1986"]
[Result "0-1"]
[Round "07"]
[TimeControl "180+1"]
[Date "2021.09.21"]
[WhiteClock "0:01:20"]
[BlackClock "0:01:24"]

1. e4 c5 2. Nf3 d6 3. d4 cxd4 4. Nxd4 Nf6 5. Nc3 a6 6. Bg5 Nbd7 7. f4 Qc7 8. Qf3 h6 9. Bh4 g5 10. fxg5 hxg5 11. Bxg5 Qc5 12. Be3 Ne5 13. Qe2 Neg4 14. Bg1 Qg5 15. Nf3 Qa5 16. O-O-O Be6 17. Kb1 Rc8 18. Nd4 Rxc3 19. Nxe6 fxe6 20. bxc3 Qxc3 21. Bd4 Qb4+ 22. Ka1 e5 23. Bb2 Qxe4 24. Re1 Qxe2 25. Bxe2 Rxh2 0-1


[Site "https://www.chess.com"]

[Event "Titled Tuesday Blitz September 21 2021"]
[White "Pinheiro, Iung Alicio de O."]
[Black "Kim, Sergey"]
[WhiteFideId "2104350"]
[BlackFideId "13700570"]
[WhiteElo "2602"]
[BlackElo "2422"]
[Result "0-1"]
[Round "07"]
[TimeControl "180+1"]
[Date "2021.09.21"]
[WhiteClock "0:02:13"]
[BlackClock "0:01:57"]

1. d4 Nf6 2. c4 g6 3. Nc3 Bg7 4. e4 d6 5. h3 O-O 6. Bg5 Nbd7 7. Nf3 e5 8. d5 a5 9. Be2 h6 10. Be3 Nc5 11. Qc2 Re8 12. g4 Bd7 13. O-O-O a4 14. g5 Nh5 15. gxh6 Bf6 16. h4 Nf4 17. Rdg1 c6 0-1


[Site "https://www.chess.com"]

[Event "Titled Tuesday Blitz September 21 2021"]
[White "Popadic, Dragan"]
[Black "Chernobay, Artem"]
[WhiteFideId "913650"]
[BlackFideId "4167406"]
[WhiteElo "2207"]
[BlackElo "2480"]
[Result "1-0"]
[Round "07"]
[TimeControl "180+1"]
[Date "2021.09.21"]
[WhiteClock "0:00:39"]
[BlackClock "0:00:20"]

1. e4 c5 2. Nc3 g6 3. f4 Bg7 4. Nf3 Nc6 5. Bc4 e6 6. f5 Nge7 7. fxe6 fxe6 8. d3 O-O 9. O-O a6 10. a4 d5 11. Bb3 Nd4 12. Bg5 Nxb3 13. cxb3 d4 14. Nb1 h6 15. Bh4 g5 16. Bg3 Ng6 17. Nbd2 e5 18. Nc4 Qc7 19. a5 Be6 20. Qc2 Rf7 21. Nfd2 Raf8 22. Rxf7 Rxf7 23. Rf1 h5 24. Rxf7 Bxf7 25. h3 Qe7 26. Qd1 Nf4 27. Bxf4 exf4 28. Qe2 1-0


[Site "https://www.chess.com"]

[Event "Titled Tuesday Blitz September 21 2021"]
[White "Putnam, Liam"]
[Black "Makhnev, Denis"]
[WhiteFideId "30938279"]
[BlackFideId "13707647"]
[WhiteElo "2035"]
[BlackElo "2537"]
[Result "1-0"]
[Round "07"]
[TimeControl "180+1"]
[Date "2021.09.21"]
[WhiteClock "0:01:06"]
[BlackClock "0:01:55"]

1. e4 c6 2. Nf3 d5 3. Nc3 Bg4 4. h3 Bh5 5. d4 e6 6. Be2 Nf6 7. exd5 cxd5 8. g4 Bg6 9. Ne5 Nfd7 10. Nxg6 hxg6 11. Be3 Nc6 12. Qd2 Bb4 13. a3 Qa5 14. O-O-O Bxa3 15. bxa3 1-0


[Site "https://www.chess.com"]

[Event "Titled Tuesday Blitz September 21 2021"]
[White "Ravi, Thandalam Shanmugam"]
[Black "Gracia Alvarez, Gerardo Antonio"]
[WhiteFideId "5000238"]
[BlackFideId "5109124"]
[WhiteElo "2215"]
[BlackElo "2148"]
[Result "0-1"]
[Round "07"]
[TimeControl "180+1"]
[Date "2021.09.21"]
[WhiteClock "0:01:31"]
[BlackClock "0:01:25"]

1. e4 c5 2. Nf3 Nc6 3. Nc3 g6 4. Bb5 Nd4 5. Bc4 Bg7 6. Nxd4 cxd4 7. Qf3 e6 8. Nb5 Ke7 9. c3 dxc3 10. dxc3 a6 11. Nd4 b5 12. Bb3 Bb7 13. O-O Nf6 14. Re1 Re8 15. Qd3 d6 0-1


[Site "https://www.chess.com"]

[Event "Titled Tuesday Blitz September 21 2021"]
[White "Reprintsev, Alexander"]
[Black "AleksanderHnydiuk"]
[WhiteFideId "14100541"]
[WhiteElo "2126"]
[BlackElo "2574"]
[Result "0-1"]
[Round "07"]
[TimeControl "180+1"]
[Date "2021.09.21"]
[WhiteClock "0:00:53"]
[BlackClock "0:01:39"]

1. e4 c5 2. b3 g6 3. Bb2 Nf6 4. e5 Nd5 5. Nc3 Nxc3 6. dxc3 Bg7 7. Qd5 Qc7 8. Nf3 Nc6 9. Qxc5 b6 10. Qe3 Nxe5 11. O-O-O Nxf3 12. gxf3 d6 13. h4 h5 14. Kb1 O-O 0-1


[Site "https://www.chess.com"]

[Event "Titled Tuesday Blitz September 21 2021"]
[White "Rodchenkov, Vitaly"]
[Black "Dronavalli, Harika"]
[WhiteFideId "4152964"]
[BlackFideId "5015197"]
[WhiteElo "2337"]
[BlackElo "2422"]
[Result "1-0"]
[Round "07"]
[TimeControl "180+1"]
[Date "2021.09.21"]
[WhiteClock "0:01:49"]
[BlackClock "0:01:01"]

1. Nf3 Nf6 2. c4 g6 3. b4 Bg7 4. Bb2 O-O 5. g3 b6 6. Bg2 Bb7 7. O-O c5 8. b5 d5 9. cxd5 Bxd5 10. Nc3 Bb7 11. a4 Nbd7 12. a5 Rb8 13. axb6 axb6 14. Ra7 Qc8 15. Qa4 Ra8 16. Ra1 Rxa7 17. Qxa7 Ne4 18. h4 Nxc3 19. Bxc3 Qb8 20. Ng5 1-0


[Site "https://www.chess.com"]

[Event "Titled Tuesday Blitz September 21 2021"]
[White "Rozhkov, Viacheslav"]
[Black "Bilan, Danila"]
[WhiteFideId "4181484"]
[BlackFideId "24161918"]
[WhiteElo "2324"]
[BlackElo "2164"]
[Result "1-0"]
[Round "07"]
[TimeControl "180+1"]
[Date "2021.09.21"]
[WhiteClock "0:00:01"]
[BlackClock "0:00:55"]

1. e4 c6 2. d4 d5 3. e5 c5 4. dxc5 Nc6 5. Bb5 e6 6. Be3 Qc7 7. Nf3 Bd7 8. Bxc6 Qxc6 9. b4 a5 10. c3 axb4 11. cxb4 Qa6 12. Nc3 b6 13. b5 Qa3 14. c6 Bxc6 15. O-O 1-0


[Site "https://www.chess.com"]

[Event "Titled Tuesday Blitz September 21 2021"]
[White "Rustemov, Alexander"]
[Black "Kucuksari, Kaan"]
[WhiteFideId "4119002"]
[BlackFideId "6380166"]
[WhiteElo "2749"]
[BlackElo "2301"]
[Result "1-0"]
[Round "07"]
[TimeControl "180+1"]
[Date "2021.09.21"]
[WhiteClock "0:02:08"]
[BlackClock "0:01:27"]

1. d4 Nf6 2. c4 g6 3. Nc3 Bg7 4. Nf3 d5 5. cxd5 Nxd5 6. g3 Nxc3 7. bxc3 c5 8. Bg2 Nc6 9. Be3 cxd4 10. Nxd4 O-O 11. O-O Bd7 12. Rb1 Qc8 13. Qb3 Rb8 14. Nxc6 Bxc6 15. Bxa7 Ra8 16. Bd4 Bxg2 17. Kxg2 Qc6+ 18. Kg1 e5 19. Be3 Rfc8 20. Rfc1 1-0


[Site "https://www.chess.com"]

[Event "Titled Tuesday Blitz September 21 2021"]
[White "Salinas Herrera, Pablo"]
[Black "Ghimpu, Samuel-Timotei"]
[WhiteFideId "3407128"]
[BlackFideId "1238175"]
[WhiteElo "2541"]
[BlackElo "2012"]
[Result "0-1"]
[Round "07"]
[TimeControl "180+1"]
[Date "2021.09.21"]
[WhiteClock "0:00:48"]
[BlackClock "0:01:04"]

1. d4 Nf6 2. Nf3 d5 3. Bf4 Bg4 4. Ne5 Bf5 5. c4 e6 6. Qb3 Qc8 7. Nc3 c6 8. Rc1 Nbd7 9. cxd5 exd5 10. Nb5 Nh5 11. Nxd7 Nxf4 0-1


[Site "https://www.chess.com"]

[Event "Titled Tuesday Blitz September 21 2021"]
[White "Sargsyan, Anna M."]
[Black "Bortnyk, Olexandr"]
[WhiteFideId "13308130"]
[BlackFideId "14120828"]
[WhiteElo "2263"]
[BlackElo "2723"]
[Result "0-1"]
[Round "07"]
[TimeControl "180+1"]
[Date "2021.09.21"]
[WhiteClock "0:00:04"]
[BlackClock "0:00:25"]

1. d4 Nf6 2. c4 d6 3. Nc3 Bf5 4. g3 c6 5. Bg2 h6 6. e4 Bh7 7. Nge2 Nbd7 8. O-O e5 9. h3 Be7 10. f4 O-O 11. Be3 Re8 12. fxe5 dxe5 13. d5 Bc5 14. Qd2 Qb6 15. Bf2 Bxf2+ 16. Rxf2 Nc5 17. Qc2 cxd5 18. Nxd5 Nxd5 19. cxd5 Rac8 20. Nc3 Qb4 21. Raf1 f6 22. Kh2 Qd4 23. Qe2 a6 24. Rd1 Qb4 0-1


[Site "https://www.chess.com"]

[Event "Titled Tuesday Blitz September 21 2021"]
[White "Shipov, Sergei"]
[Black "Gelman, Alexander"]
[WhiteFideId "4113624"]
[BlackFideId "4118316"]
[WhiteElo "2814"]
[BlackElo "2375"]
[Result "1-0"]
[Round "07"]
[TimeControl "180+1"]
[Date "2021.09.21"]
[WhiteClock "0:01:05"]
[BlackClock "0:00:41"]

1. d4 Nf6 2. c4 c5 3. d5 b5 4. cxb5 a6 5. e3 e6 6. Nc3 exd5 7. Nxd5 Bb7 8. Nxf6+ Qxf6 9. Nf3 Be7 10. Be2 O-O 11. O-O axb5 12. Bxb5 d5 13. a4 Rd8 14. Rb1 Na6 15. Bd2 d4 16. exd4 cxd4 17. b4 h6 18. Re1 Bd6 19. Bxa6 Rxa6 20. b5 Bxf3 21. Qxf3 Qxf3 22. gxf3 Rxa4 23. b6 Raa8 24. Rec1 Rab8 25. b7 1-0


[Site "https://www.chess.com"]

[Event "Titled Tuesday Blitz September 21 2021"]
[White "Shkapenko, Pavel"]
[Black "Guz, Ari"]
[WhiteFideId "4151933"]
[BlackFideId "2825759"]
[WhiteElo "2386"]
[BlackElo "1913"]
[Result "0-1"]
[Round "07"]
[TimeControl "180+1"]
[Date "2021.09.21"]
[WhiteClock "0:01:24"]
[BlackClock "0:01:04"]

1. e4 g6 2. d4 Bg7 3. Nc3 d6 4. Be3 Nf6 5. h3 O-O 6. g4 c6 7. Bg2 b5 8. a3 Bb7 9. Nge2 a5 10. Ng3 b4 11. Nce2 c5 12. dxc5 d5 13. e5 Ne8 14. f4 e6 15. O-O Nd7 16. axb4 axb4 17. Qd2 Ba6 18. Qxb4 Rb8 19. Qc3 Nc7 20. Rf2 f6 0-1


[Site "https://www.chess.com"]

[Event "Titled Tuesday Blitz September 21 2021"]
[White "Siva Mahadevan"]
[Black "Wagner, Dennis"]
[WhiteFideId "25043153"]
[BlackFideId "24650684"]
[WhiteElo "2203"]
[BlackElo "2355"]
[Result "0-1"]
[Round "07"]
[TimeControl "180+1"]
[Date "2021.09.21"]
[WhiteClock "0:01:44"]
[BlackClock "0:01:25"]

1. e4 e5 2. Nf3 Nc6 3. Bb5 a6 4. Ba4 Nf6 5. O-O b5 6. Bb3 Bc5 7. a4 Rb8 8. c3 d6 9. d4 Bb6 10. h3 Bb7 11. Be3 Nxe4 12. d5 Ne7 13. Bxb6 cxb6 14. axb5 axb5 15. Qd3 Nc5 16. Qxb5+ Qd7 17. Bc4 Bxd5 18. Qxd7+ Kxd7 19. Bxd5 Nxd5 20. Rd1 Kc6 21. b4 Ne4 0-1


[Site "https://www.chess.com"]